 Dungeon Crawl Stone Soup version 0.19.3-1-g3169bf9 (console) character file.

35749 Kloppie the Severer (level 14, -4/145 HPs)
             Began as a Halfling Berserker on Jan 23, 2017.
             Was a High Priest of Trog.
             Slain by Naow's ghost (7 damage)
             ... on level 5 of the Lair of Beasts.
             The game lasted 00:24:59 (17527 turns).

Kloppie the Severer (Halfling Berserker)           Turns: 17527, Time: 00:24:59

Health: -4/145     AC: 25    Str: 23    XL:     14   Next: 20%
Magic:  14/14      EV: 19    Int:  5    God:    Trog [*****.]
Gold:   647        SH:  0    Dex: 27    Spells: 0 memorised, 13 levels left

rFire  . . .     SeeInvis .     a - +2 broad axe (flame)
rCold  . . .     Gourm    +     l - +2 plate armour {MR+}
rNeg   . . .     Faith    .     (shield currently unavailable)
rPois  .         Spirit   .     h - +0 helmet
rElec  .         Reflect  .     E - +0 cloak
rCorr  .         Harm     .     n - +0 pair of gloves {Dex+3}
MR     +++..                    (no boots)
Stlth  ..........               u - amulet of the gourmand
                                D - ring of protection from magic
                                s - +3 ring of protection

@: mighty, agile, berserking, very quick
A: mutation resistance 1, wild magic 1
a: Berserk, Trog's Hand, Brothers in Arms, Burn Spellbooks, Renounce Religion


You were on level 5 of the Lair of Beasts.
You worshipped Trog.
Trog was extremely pleased with you.
You were full.

You visited 2 branches of the dungeon, and saw 15 of its levels.
You also visited: Sewer and Ossuary.

You collected 1032 gold pieces.
You spent 385 gold pieces at shops.

Inventory:

Hand Weapons
 a - a +2 broad axe of flaming (weapon)
 b - a +4 antimagic broad axe
Armour
 h - a +0 helmet (worn)
 i - a +2 shield
 l - a +2 plate armour of magic resistance (worn)
 n - a +0 pair of gloves of dexterity (worn)
 E - a +0 cloak (worn)
Jewellery
 s - a +3 ring of protection (left hand)
 t - an uncursed ring of protection from fire
 u - an amulet of the gourmand (around neck)
 D - a ring of protection from magic (right hand)
Wands
 w - a wand of disintegration (10/24)
 G - a wand of digging (16/24)
 H - a wand of polymorph (12/24)
Scrolls
 k - 6 scrolls of teleportation
 o - 7 scrolls of identify
 y - a scroll of fog
 B - 5 scrolls of remove curse
 F - a scroll of blinking
Potions
 e - 6 potions of heal wounds
 f - a potion of cancellation
 g - a potion of flight
 j - 4 potions of curing
 x - a potion of haste {unknown}
 z - 3 potions of agility
 C - a potion of brilliance
Comestibles
 c - 10 bread rations
 m - 6 meat rations
 p - 3 chunks of flesh
 q - 8 slices of pizza
 v - a beef jerky
 A - 15 fruits


   Skills:
 - Level 9.3 Fighting
 + Level 16.0 Axes
 - Level 13.4 Armour
 - Level 5.7 Dodging
 + Level 2.4 Shields


You had 13 spell levels left.
You didn't know any spells.

Dungeon Overview and Level Annotations

Branches:
Dungeon (10/15)            Temple (0/1) D:7            Lair (5/6) D:10
 Shoals (0/4) Lair:4        Snake (0/4) Lair:4          Orc (0/2) D:9
  Slime: Lair:5-6

Altars:
Ashenzari
Cheibriados
Dithmenos
Elyvilon
Gozag
Kikubaaqudgha
Nemelex Xobeh
Qazlal
Ru
Sif Muna
Uskayaw
Xom
Yredelemnul
The Shining One

Shops:
D:7 !

Annotations:
Lair:5 Naow's ghost, journeyman OgBe


Innate Abilities, Weirdness & Mutations

You are small and have problems with some larger weapons.
You are somewhat resistant to further mutation.
Your spells are a little harder to cast, but a little more powerful.


Message History

You closely miss Naow's ghost.
Naow's ghost is severely damaged.
You hit the bush but do no damage. You hit the plant. You burn the plant.
Naow's ghost hits you.
* * * LOW HITPOINT WARNING * * *
x2 You barely miss Naow's ghost.
Naow's ghost is severely damaged.
You hit the plant. You burn the plant. You hit the bush. You burn the bush.
You destroy the bush!
You completely miss Naow's ghost.
Naow's ghost is severely damaged.
You hit the plant. You burn the plant. Naow's ghost barely misses you.
You slice Naow's ghost!!
Naow's ghost is almost destroyed.
You slice the plant!! You burn the plant. You closely miss Naow's ghost.
Naow's ghost is almost destroyed.
You hit the plant. You burn the plant. Naow's ghost hits you!!
* * * LOW HITPOINT WARNING * * *
You die...

,,,** *,,,>*** *,,,,**
#### ,,,,* *##.,*,*
#.P..,* ##..# ,,,**
*..,,** #...##*###....
,,,,** ##..** #P...#
#...... ,,,,,* #...*
#....##*#..... ,,,***
##..#* *#..#.###.....
,,,,,*
*#....#####...#*#.#....
,,,,**
*,#..P....P...###......
,,,**
**#...@W........#......
,,,,*
#...##.###(..........
,,,**
*#...,####............
,,,** #....,*
#P........... ,,,,*
#####** ##..P#.......
*,*** ########.... ***
#.### ###


You could see Naow's ghost.

Vanquished Creatures
  Gastronok (Lair:3)
  2 hydras
  Urug (Lair:5)
  Pikel (D:9)
  A lindwurm (Lair:4)
  6 elephants (Lair:4)
  Maurice (D:8)
  Joseph (D:8)
  A black mamba (Lair:4)
  Psyche (D:9)
  7 spiny frogs
  6 komodo dragons
  A rime drake (Lair:3)
  3 trolls
  4 slime creatures
  16 blink frogs (Lair:4)
  2 hippogriffs
  A wind drake (Lair:4)
  2 dream sheep (D:9)
  56 yaks
  Sigmund (D:2)
  2 wraiths (Ossuary)
  2 wyverns
  2 basilisks
  10 water moccasins
  2 nagas (Lair:4)
  18 porcupines
  10 orc warriors
  2 sky beasts
  5 ogres
  4 slaves (D:9)
  4 phantoms
  A necrophage (D:5)
  An eye of draining (D:9)
  4 centaurs
  10 crocodiles
  4 big kobolds
  Blork the orc (D:5)
  13 bullfrogs
  3 scorpions
  6 wights
  4 howler monkeys
  5 electric eels
  3 crimson imps
  A bullfrog zombie (D:5)
  A centaur zombie (D:6)
  7 orc priests
  3 hounds
  2 gnoll shamans
  2 bullfrog skeletons
  7 jellies
  2 centaur skeletons
  Terence (D:2)
  3 iguanas
  9 orc wizards
  9 worker ants
  A mummy (D:7)
  A howler monkey zombie (D:9)
  Robin (D:3)
  13 gnolls
  A worker ant zombie (D:5)
  12 adders
  3 river rats
  2 shadow imps
  12 oozes
  4 adder zombies
  2 worms (D:2)
  2 dart slugs
  15 leopard geckos
  30 orcs
  20 giant cockroaches
  23 goblins
  7 hobgoblins
  18 jackals
  11 kobolds
  A quokka (D:3)
  10 ball pythons (Sewer)
  A ball python skeleton (Ossuary)
  7 bats
  16 frilled lizards
  A goblin zombie (D:7)
  A kobold zombie (D:7)
  A leopard gecko skeleton (D:5)
  2 orc skeletons (Ossuary)
  2 orc zombies (Ossuary)
  5 rats
  A bush (Lair:5)
  4 fungi
  4 plants (Lair:4)
512 creatures vanquished.

Vanquished Creatures (others)
  A quokka (D:9)
  A rat (D:2)
  2 bushes (D:10)
  8 fungi
  13 plants
25 creatures vanquished.

Grand Total: 537 creatures vanquished

Notes
Turn   | Place    | Note
-------+----------+-------------------------------------------
     0 | D:1      | Kloppie the Halfling Berserker began the quest for the Orb.
     0 | D:1      | Reached XP level 1. HP: 15/15 MP: 1/1
   139 | D:1      | Reached XP level 2. HP: 10/20 MP: 2/2
   992 | D:1      | Reached XP level 3. HP: 26/26 MP: 3/3
  1324 | D:2      | Noticed Sigmund
  1335 | D:2      | Killed Sigmund
  1335 | D:2      | Reached skill level 4 in Axes
  1335 | D:2      | Reached XP level 4. HP: 33/33 MP: 4/4
  1335 | D:2      | Reached XP level 5. HP: 37/37 MP: 5/5
  1390 | D:2      | Reached XP level 6. HP: 40/43 MP: 6/6
  1392 | D:2      | Reached ** piety under Trog
  1462 | D:2      | Found a sparkling altar of Nemelex Xobeh.
  1488 | D:2      | Reached skill level 5 in Axes
  1636 | D:2      | Noticed Terence
  1658 | D:2      | Killed Terence
  2067 | D:3      | Noticed Robin
  2075 | D:3      | Killed Robin
  2081 | D:3      | Reached XP level 7. HP: 29/49 MP: 7/7
  2082 | D:3      | Reached skill level 5 in Fighting
  2357 | D:3      | Reached *** piety under Trog
  2394 | D:3      | Found a glowing drain.
  2407 | Sewer    | Entered a sewer
  2621 | Sewer    | Reached **** piety under Trog
  2698 | Sewer    | Reached skill level 6 in Axes
  3359 | D:4      | Found a basalt altar of Yredelemnul.
  3416 | D:4      | Reached XP level 8. HP: 40/57 MP: 8/8
  3790 | D:4      | Found an ancient bone altar of Kikubaaqudgha.
  3793 | D:4      | Found a shadowy altar of Dithmenos.
  3801 | D:4      | Found a shimmering altar of Xom.
  3804 | D:4      | Found a glowing golden altar of the Shining One.
  3876 | D:4      | Reached skill level 7 in Axes
  3988 | D:5      | Entered Level 5 of the Dungeon
  4211 | D:5      | Received a gift from Trog
  4287 | D:5      | Found a sacrificial altar of Ru.
  4320 | D:5      | Noticed Blork the orc
  4329 | D:5      | Killed Blork the orc
  4388 | D:5      | Reached skill level 5 in Armour
  4520 | D:5      | Reached skill level 8 in Axes
  4520 | D:5      | Reached XP level 9. HP: 46/62 MP: 9/9
  4953 | D:6      | Reached ***** piety under Trog
  4968 | D:6      | Found a deep blue altar of Sif Muna.
  5238 | D:6      | Found a basalt altar of Yredelemnul.
  5661 | D:7      | Reached skill level 9 in Axes
  5798 | D:7      | Found a sand-covered staircase.
  5808 | Ossuary  | Entered an ossuary
  6549 | D:7      | Found a staircase to the Ecumenical Temple.
  6558 | D:7      | Reached XP level 10. HP: 61/68 MP: 10/10
  6583 | D:7      | Paralysed by an orc for 3 turns
  6652 | D:7      | Reached skill level 10 in Axes
  6661 | D:7      | Found Navebeb's Distillery.
  6665 | D:7      | Bought a potion of beneficial mutation for 385 gold pieces
  6665 | D:7      | Gained mutation: Your spells are a little harder to cast, but a little more powerful. [potion of beneficial mutation]
  6687 | D:7      | Found a snail-covered altar of Cheibriados.
  6904 | D:8      | Noticed Maurice
  6988 | D:8      | Killed Maurice
  7292 | D:8      | Noticed Joseph
  7307 | D:8      | Killed Joseph
  7857 | D:8      | Reached skill level 11 in Axes
  8033 | D:8      | Found a faded altar of an unknown god.
  8033 | D:8      | Found a faded altar of an unknown god.
  8038 | D:8      | Found a hide-covered altar of Uskayaw.
  8040 | D:8      | Found a stormy altar of Qazlal.
  8041 | D:8      | Found an opulent altar of Gozag.
  8707 | D:9      | Found a white marble altar of Elyvilon.
  8744 | D:9      | Noticed Psyche
  8758 | D:9      | Killed Psyche
  8807 | D:8      | Reached XP level 11. HP: 54/75 MP: 11/11
  9016 | D:9      | Noticed Pikel
  9030 | D:9      | Killed Pikel
  9143 | D:9      | Received a gift from Trog
  9175 | D:9      | Found a basalt altar of Yredelemnul.
  9688 | D:9      | Found a shattered altar of Ashenzari.
  9787 | D:9      | Reached skill level 12 in Axes
  9976 | D:9      | Noticed a three-headed hydra
  9981 | D:9      | Killed a one-headed hydra
  9981 | D:9      | Reached skill level 10 in Armour
 10245 | D:9      | Found a staircase to the Orcish Mines.
 10858 | D:10     | Entered Level 10 of the Dungeon
 11046 | D:10     | Found a staircase to the Lair.
 11087 | D:9      | Reached skill level 13 in Axes
 11087 | D:9      | Reached XP level 12. HP: 24/83 MP: 12/12
 11418 | D:10     | Received a gift from Trog
 11931 | Lair:1   | Entered Level 1 of the Lair of Beasts
 12336 | Lair:1   | Reached skill level 14 in Axes
 13333 | Lair:2   | Identified a scroll of acquirement
 13334 | Lair:2   | Got a pair of translucent boots
 13340 | Lair:2   | Identified the +0 pair of boots of Gomah {-Cast +Fly Int-5 Dex+8} (You acquired it on level 2 of the Lair of Beasts)
 13340 | Lair:2   | Lost intelligence.
 13481 | Lair:2   | Reached XP level 13. HP: 50/90 MP: 13/13
 14414 | Lair:3   | Got a slimy plate armour
 14415 | Lair:3   | Identified the cursed +0 plate armour of Nadelub {rF++ MP-9} (You found it on level 3 of the Lair of Beasts)
 14436 | Lair:3   | Received a gift from Trog
 14476 | Lair:3   | Noticed Gastronok
 14497 | Lair:3   | Killed Gastronok
 14549 | Lair:3   | Reached skill level 15 in Axes
 14939 | Lair:4   | Found a staircase to the Shoals.
 15241 | Lair:4   | Noticed a six-headed hydra
 15253 | Lair:4   | Killed a three-headed hydra
 16468 | Lair:4   | Found a staircase to the Snake Pit.
 16780 | Lair:4   | Reached skill level 5 in Dodging
 16780 | Lair:4   | Reached XP level 14. HP: 69/97 MP: 14/14
 17191 | Lair:5   | Noticed Urug
 17204 | Lair:5   | Killed Urug
 17204 | Lair:5   | Reached skill level 16 in Axes
 17204 | Lair:5   | Reached skill level 1 in Shields
 17282 | Lair:5   | Received a gift from Trog
 17458 | Lair:5   | Noticed Naow's ghost (journeyman OgBe)
 17527 | Lair:5   | HP: 3/145 [Naow's ghost (20)]
 17527 | Lair:5   | Slain by Naow's ghost

Skill      XL: |  1  2  3  4  5  6  7  8  9 10 11 12 13 14 |
---------------+-------------------------------------------+-----
Fighting       | 3 4 5 7 8 9 |  9.3
Axes           | 4 5 6 8 9 11 13 14 15 16 | 16.0
Armour         | 5 8 9 10 11 13 | 13.4
Dodging        | 5 |  5.7
Shields        | 2 |  2.4

Action                   |  1- 3 |  4- 6 |  7- 9 | 10-12 | 13-15 || total
-------------------------+-------+-------+-------+-------+-------++-------
Melee: Hand axe          |    51 |   114 |   611 |   150 |       ||   926
       War axe           |       |       |       |   348 |       ||   348
       Broad axe         |       |       |       |   203 |   404 ||   607
Invok: Berserk           |     2 |     2 |     5 |    11 |     7 ||    27
       Trog's Hand       |       |     1 |       |     9 |     4 ||    14
  Use: Scroll            |       |     4 |     6 |    12 |     3 ||    25
       Potion            |       |       |     8 |     5 |     5 ||    18
 Stab: Distracted        |       |       |     1 |       |       ||     1
       Invisible         |       |       |       |     1 |       ||     1
  Eat: Chunk             |     2 |     5 |    17 |    32 |    19 ||    75
       Meat ration       |       |       |     1 |     3 |       ||     4
Armor: Animal skin       |     4 |       |       |       |       ||     4
       Ring mail         |     4 |    25 |       |       |       ||    29
       Scale mail        |       |    17 |    82 |       |       ||    99
       Chain mail        |       |       |   154 |   105 |       ||   259
       Plate armour      |       |       |       |   385 |   226 ||   611
Dodge: Dodged            |    41 |    83 |   328 |   319 |   181 ||   952
